 Dungeon Crawl Stone Soup version 0.30-a0-596-g0af90f9a20 (webtiles) character file.

Game seed: 12024397219522666923

221209 ragingrage the Spry (level 19, -13/122 HPs)
             Began as a Tengu Air Elementalist on Jan 6, 2023.
             Was a High Priest of Vehumet.
             Killed from afar by a deep elf sorcerer (41 damage)
             ... with damnation
             ... on level 3 of the Elven Halls.
             The game lasted 01:13:34 (61976 turns).

ragingrage the Spry (Tengu Air Elementalist)       Turns: 61976, Time: 01:13:34

Health: -13/122    AC: 17    Str:  7    XL:     19   Next: 20%
Magic:  15/38      EV: 27    Int: 26    God:    Vehumet [*****.]
Gold:   2977       SH: 12    Dex: 22    Spells: 7/47 levels left

rFire   + . .      SeeInvis .    a - staff of air
rCold   . . .      Faith    .    U - +0 buckler
rNeg    + . .      Spirit   .    v - +3 leather armour {rF+}
rPois   +          Reflect  +    (helmet restricted)
rElec   +          Harm     .    i - +2 cloak
rCorr   .          Rampage  .    Z - +2 pair of gloves {Dex+3}
Will    ++...                    (boots unavailable)
Stlth   ++++                     J - amulet "Regg" {Reflect Will+ Dex+3 SH+5}
HPRegen 0.40/turn                y - ring "Roryir" {rPois rN+ Int+4}
MPRegen 0.26/turn                p - +4 ring of protection

@: flying quickly and evasively, quick
A: beak, talons 3, nimble flight, weak 1
}: 1/15 runes: barnacled
a: Renounce Religion


You were on level 3 of the Elven Halls.
You worshipped Vehumet.
Vehumet was extremely pleased with you.
You visited 7 branches of the dungeon, and saw 32 of its levels.

You collected 4377 gold pieces.
You spent 1400 gold pieces at shops.

Inventory:

Hand Weapons
 b - a +1 demon whip of venom
Missiles
 B - a throwing net
 V - 21 poisoned darts
Armour
 i - a +2 cloak (worn)
 v - a +3 leather armour of fire resistance (worn)
 G - a +2 robe of the Archmagi
 U - a +0 buckler (worn)
 X - a +2 robe of cold resistance
 Z - a +2 pair of gloves of dexterity (worn)
Magical Staves
 a - a staff of air (weapon)
 I - a staff of conjuration
Jewellery
 e - a ring of resist corrosion
 p - a +4 ring of protection (right hand)
 y - the ring "Roryir" (left hand) {rPois rN+ Int+4}
   (You bought it in a shop on level 7 of the Dungeon)

   [ring of positive energy]

   Int:       It affects your intelligence (+4).
   rPois:     It protects you from poison.
   rN:        It protects you from negative energy.
 E - a ring of protection from fire
 H - a ring of see invisible
 J - the amulet "Regg" (around neck) {Reflect Will+ Dex+3 SH+5}
   (You took it off a merfolk on level 2 of the Shoals)

   [amulet of reflection]

   It reflects blocked missile attacks.
   Dex:       It affects your dexterity (+3).
   SH:        It affects your SH (+5).
   Will:      It increases your willpower.
 S - a ring of magical power
 W - a ring of ice
Wands
 s - a wand of quicksilver (9)
 u - a wand of flame (50)
 D - a wand of charming (15)
 N - a wand of roots (22)
 R - a wand of mindburst (6)
Scrolls
 c - 5 scrolls of enchant armour
 d - 9 scrolls of vulnerability
 g - a scroll of brand weapon
 h - 7 scrolls of teleportation
 l - a scroll of poison
 n - 5 scrolls of fear
 q - 8 scrolls of immolation
 t - 7 scrolls of identify
 A - 3 scrolls of blinking
 C - 7 scrolls of fog
 K - 8 scrolls of magic mapping
 P - 4 scrolls of amnesia
 Y - 6 scrolls of enchant weapon
Potions
 f - 3 potions of berserk rage
 j - 13 potions of curing
 k - 3 potions of haste
 m - 8 potions of heal wounds
 o - 2 potions of attraction
 r - 3 potions of brilliance
 w - 3 potions of invisibility
 x - 3 potions of magic
 z - 3 potions of resistance
 L - 9 potions of lignification
 M - 4 potions of cancellation
 O - 5 potions of might
 Q - a potion of ambrosia
 T - 8 potions of mutation
Miscellaneous
 F - a tin of tremorstones (2/2)


   Skills:
 + Level 14.6 Fighting
 - Level 5.0 Armour
 - Level 15.0 Dodging
 - Level 9.0 Stealth
 + Level 8.8 Shields
 * Level 14.8 Spellcasting
 + Level 14.9 Conjurations
 - Level 3.0 Translocations
 - Level 5.0 Transmutations
 - Level 4.0 Ice Magic
 - Level 15.0 Air Magic
 - Level 10.0 Evocations


You had 7 spell levels left.
You knew the following spells:

 Your Spells              Type           Power      Damage    Failure   Level
a - Arcjolt               Conj/Air       49%        1d59      1%          5
b - Static Discharge      Conj/Air       100%       2-7/arc   0%          2
d - Swiftness             Air            98%        N/A       1%          3
e - Airstrike             Air            49%        2d(7-23)  1%          4
f - Blink                 Tloc           68%        N/A       2%          2
g - Mephitic Cloud        Conj/Pois/Air  82%        N/A       1%          3
h - Irradiate             Conj/Tmut      31%        3d22      1%          5
i - Freezing Cloud        Conj/Ice/Air   43%        6-21      1%          5
j - Conjure Ball Lightni  Conj/Air       49%        3x3d17    1%          6
k - Lightning Bolt        Conj/Air       49%        1d69      1%          5

Your spell library contained the following spells:

 Spells                   Type           Power      Damage    Failure   Level
 Spellforged Servitor     Conj/Summ      27%        N/A       41%         7
 Magic Dart               Conj           100%       1d8       0%          1
 Shock                    Conj/Air       100%       1d9       0%          1
 Searing Ray              Conj           100%       2d8       0%          2
 Freeze                   Ice            100%       1d10      1%          1
 Kiss of Death            Conj/Necr      100%       2d13      1%          1
 Sandblast                Erth           38%        2d10      1%          1
 Cigotuvi's Dreadful Rot  Necr/Pois/Air  100%       N/A       1%          2
 Momentum Strike          Conj/Tloc      100%       3d10      1%          2
 Poisonous Vapours        Pois/Air       100%       N/A       1%          2
 Wereblood                Tmut           45%        N/A       1%          2
 Dazzling Flash           Conj/Hex       100%       N/A       1%          3
 Frozen Ramparts          Ice            80%        1d13      1%          3
 Hailstorm                Conj/Ice       62%        3d13      1%          3
 Kindle Blastsparks       Fire/Tloc/Air  100%       2d18      1%          3
 Stone Arrow              Conj/Erth      100%       3d13      1%          3
 Flame Wave               Conj/Fire      55%        2d13      1%          4
 Fulminant Prism          Conj/Hex       27%        3d14      1%          4
 Passwall                 Tmut/Erth      26%        N/A       2%          2
 Scorch                   Fire           38%        2d6       2%          2
 Ignite Poison            Fire/Tmut/Pois 27%        N/A       2%          3
 Lesser Beckoning         Tloc           68%        N/A       4%          3
 Silence                  Hex/Air        36%        N/A       6%          5
 Sublimation of Blood     Necr           19%        N/A       8%          2
 Confusing Touch          Hex            19%        N/A       14%         3
 Blade Hands              Tmut           22%        N/A       17%         5
 Animate Dead             Necr           19%        N/A       43%         4
 Dispel Undead            Necr           19%        3d11      43%         4
 Summon Forest            Summ/Tloc      13%        N/A       58%         5
 Agony                    Necr           19%        N/A       80%         5
 Summon Mana Viper        Hex/Summ       19%        N/A       80%         5
 Dragon Form              Tmut           22%        N/A       99%         7
 Summon Cactus Giant      Summ           9%         N/A       100%        6
 Haunt                    Necr/Summ      9%         N/A       100%        7
 Summon Hydra             Summ           9%         N/A       100%        7
 Infestation              Necr           9%         N/A       100%        8


Dungeon Overview and Level Annotations

Branches:
Dungeon (15/15)            Temple (1/1) D:5            Lair (5/5) D:11
 Shoals (4/4) Lair:3       Spider (2/4) Lair:2        Slime (0/5) Lair:4
    Orc (2/2) D:10            Elf (3/3) Orc:2        Vaults (0/5) D:14
 Depths (0/4) D:15

Altars:
Ashenzari
Cheibriados
Dithmenos
Elyvilon
Fedhas
Gozag
Hepliaklqana
Kikubaaqudgha
Makhleb
Nemelex Xobeh
Okawaru
Qazlal
Ru
Sif Muna
Trog
Uskayaw
Vehumet
Wu Jian
Xom
Yredelemnul
Zin
The Shining One

Shops:
D:3 :   D:5 !   D:7 **=   Orc:2 (?=*   Elf:3 (   Shoals:3 [

Portals:
Pandemonium: Orc:2
Trove: D:14 (give +3 shadow dragon scales)

Annotations:
D:4 exclusion: moth of wrath
D:5 3 runed translucent doors, CorgiPerc's ghost, amateur DgFE
D:9 exclusion: door
D:14 36 runed doors
Lair:5 1 runed translucent door
Spider:1 exclusion: 3 downstairs
Spider:2 Arachne; Nikola; Roxanne
Orc:2 1 runed translucent door, Cheivey's ghost, journeyman FoFi
Elf:1 6 runed translucent doors
Elf:2 3 runed translucent doors


Innate Abilities, Weirdness & Mutations

You have a beak for a mouth.
You have claws for feet.
Your magical nature lets you fly swiftly and evasively.
You are weak. (Str -2)


Message History

Aiming: Airstrike (safe; 1% risk of failure)
Press: ? - help, Q - select action, (/) - cycle Dir - move target, f/p - deep elf elementalist
Aim: a deep elf elementalist, wielding a +4 falchion of distortion (almost dead, fast, repelling missiles, empty space bonus: 7/8)
You feel a surge of power!
The air twists around and strikes the deep elf elementalist!!!
You kill the deep elf elementalist!
Vehumet accepts your kill.
You feel your power returning.
The earth elemental disappears in a puff of smoke!
The earth elemental disappears in a puff of smoke! x3
You are engulfed in freezing vapours.
You are engulfed in freezing vapours.
Things that are here:
a +0 rapier; a +0 rapier; a +2 leather armour of poison resistance
Aiming: Airstrike (safe; 1% risk of failure)
Press: ? - help, Q - select action, (/) - cycle Dir - move target, f - deep elf death mage
Aim: a deep elf death mage, wielding a +0 rapier (empty space bonus: 8/8)
You feel a surge of power!
The air twists around and strikes the deep elf death mage!!
The deep elf death mage is moderately wounded.
You are engulfed in freezing vapours.
A deep elf sorcerer comes into view.
It is wielding a +1 long sword of holy wrath.
Aiming: Airstrike (safe; 1% risk of failure)
Press: ? - help, Q - select action, (/) - cycle Dir - move target, f/p - deep elf death mage
Aim: a deep elf death mage, wielding a +0 rapier (moderately wounded, empty space bonus: 8/8)
You feel a surge of power!
The air twists around and strikes the deep elf death mage!
The deep elf death mage is heavily wounded.
You are engulfed in freezing vapours.
The deep elf sorcerer casts a spell.
The deep elf sorcerer seems to speed up.
Casting: Airstrike (safe; 1% risk of failure)
Confirm with . or Enter, or press ? or * to list all spells.
You feel a surge of power!
You create some ball lightning! 3 ball lightnings come into view.
You are engulfed in freezing vapours.
* * * LOW HITPOINT WARNING * * *
The deep elf sorcerer points at you and mumbles some strange words.
The sphere of damnation explodes!
The damnation engulfs you!!!
You die...

.......###.##'##.#
....)...##.......#
)).......##...####
...).)...###....# #########
..........##....###.......#
........))##...))##.##'##.###
.....))...#.#.)○#.*.....#...#####
##.....).)......°)*.'...'.......#
#..........))))@°*e....#...###.#
##.....##.......°°°)....#.#.# #.#
..##############....))...#### ###
..# ### #.....#e### ### ###.###
##..###)### * ##.....##
#.##...e.## **
###.......######.......###***,
####...........##...........#*,,,
..##...........##...........#*,,,


You could see a deep elf death mage (ally target), a deep elf sorcerer (fast)
and 3 friendly ball lightnings.

Vanquished Creatures
  Jorgrun (Orc:2)
  3 deep elf blademasters (Elf:3)
  A deep elf master archer (Elf:3)
  Frances (Spider:1)
  Ilsuiw (Shoals:4)
  Louise (Elf:3)
  8 deep elf sorcerers
  4 deep elf elementalists (Elf:3)
  A quicksilver ooze (shapeshifter) (Elf:1)
  Nessos (D:14)
  6 deep elf demonologists
  4 deep elf annihilators
  6 deep elf death magi
  5 merfolk javelineers
  7 merfolk impalers
  5 deep elf high priests
  An entropy weaver (Spider:1)
  A great orb of eyes (D:15)
  Fannar (Lair:1)
  2 rakshasas (D:15)
  6 hydras
  3 demonspawn (Orc:2)
  A hydra (shapeshifter) (D:15)
  A satyr (Shoals:2)
  A centaur warrior (D:14)
  4 merfolk aquamancers
  2 catoblepae (Lair:1)
  18 dancing weapons
  10 merfolk avatars
  10 two-headed ogres
  Erica (Lair:1)
  An alligator snapping turtle (Shoals:4)
  A boulder beetle (D:15)
  2 death yaks (Lair:5)
  Urug (D:14)
  5 orc high priests
  A tengu warrior (D:9)
  Sonja (Lair:5)
  22 deep elf knights
  Amaemon (D:9)
  2 pharaoh ants (Spider:1)
  An orb spider (Spider:1)
  14 sea snakes
  19 deep elf archers
  11 harpies
  33 deep elf zephyrmancers
  7 orc knights
  A steelbarb worm (Spider:1)
  10 orc sorcerers
  A wizard (D:14)
  23 deep elf pyromancers
  10 manticores
  18 fauns
  15 ugly things
  2 wolf spiders (Spider:1)
  4 cyclopes
  11 elephants
  2 moths of wrath (Spider:1)
  A rust devil (Orc:2)
  An eye of devastation (Lair:4)
  10 cane toads
  8 merfolk sirens
  4 water nymphs
  3 torpor snails
  A demonic crawler (Spider:1)
  A gargoyle (D:9)
  4 black mambas
  A smoke demon (Orc:2)
  An unseen horror (D:12)
  A kobold demonologist (D:12)
  5 komodo dragons
  2 orange demons
  4 rime drakes
  A rime drake (shapeshifter) (Elf:3)
  An efreet (D:14)
  A komodo dragon (shapeshifter) (D:13)
  2 polar bears
  An ice devil (Orc:2)
  4 trolls
  32 merfolk
  2 meliai (D:9)
  5 tarantellas (Spider:1)
  5 wind drakes
  10 snapping turtles
  8 hornets
  5 dream sheep
  10 blink frogs
  2 tyrant leeches (Lair:5)
  5 slime creatures (D:15)
  4 air elementals
  2 culicivoras (Spider:1)
  A centaur simulacrum (D:15)
  3 basilisks
  3 shadows
  12 water elementals
  5 wyverns
  10 humans (D:14)
  5 fire elementals
  29 yaks
  A redback (Spider:1)
  Menkaure (D:4)
  4 wargs
  15 water moccasins
  Duvessa (D:7)
  A floating eye (Lair:4)
  2 ice beasts (D:5)
  32 orc warriors
  2 sky beasts
  21 wolves
  4 centaurs
  An ogre (Orc:2)
  2 phantoms
  2 kobold brigands
  16 bullfrogs
  A necrophage (D:7)
  2 earth elementals
  4 scorpions
  8 wights
  Dowan (D:7)
  The ghost of PenisDestroyer5000 the Cudgeller, a weakling MeCA of Ignis (D:3)
  6 killer bees (D:11)
  3 electric eels
  2 howler monkeys (D:13)
  A hound (D:7)
  4 jellies
  23 orc priests
  3 iguanas
  9 orc wizards
  A mummy (D:7)
  11 gnolls
  3 adders
  2 shadow imps
  2 ufetubi
  3 worms (D:4)
  82 orcs
  4 bats
  6 endoplasms
  3 giant cockroaches
  7 goblins
  6 hobgoblins
  2 jackals (D:3)
  2 quokkas
  14 kobolds
  4 kobold zombies (D:7)
  15 rats
  A ball lightning (Elf:1)
892 creatures vanquished.

Vanquished Creatures (collateral kills)
  Snorg (Orc:2)
  A lindwurm (Lair:5)
  3 torpor snails (Lair:5)
  2 tyrant leeches (Lair:5)
  A hornet (Lair:5)
  5 humans (D:14)
  An orc (Orc:2)
  7 ball lightnings
21 creatures vanquished.

Vanquished Creatures (others)
  A deep elf knight (Elf:1)
  3 meliai (Spider:2)
  A water elemental (Shoals:4)
  177 ball lightnings
  A bush (Lair:5)
  37 fungi
  117 plants
337 creatures vanquished.

Grand Total: 1250 creatures vanquished

Notes
Turn   | Place    | Note
-------+----------+-------------------------------------------
     0 | D:1      | ragingrage the Tengu Air Elementalist began the quest for
                  | the Orb.
     0 | D:1      | Reached XP level 1. HP: 10/10 MP: 4/4
   354 | D:1      | Reached XP level 2. HP: 13/15 MP: 1/6
  1235 | D:1      | Learned a level 2 spell: Static Discharge
  1519 | D:2      | Reached XP level 3. HP: 19/19 MP: 4/7
  1798 | D:3      | Found Ziast's Book Emporium.
  1856 | D:3      | Found a runed translucent door.
  1876 | D:3      | Noticed a bullfrog
  1877 | D:3      | Noticed PenisDestroyer5000's ghost (weakling MeCA)
  1918 | D:3      | Reached skill level 5 in Air Magic
  2067 | D:3      | Found a blossoming altar of Fedhas.
  2258 | D:2      | Reached XP level 4. HP: 17/24 MP: 4/8
  2862 | D:3      | Gained mutation: Your magical nature lets you fly swiftly
                  | and evasively. [Tengu growth]
  2862 | D:3      | Reached XP level 5. HP: 28/28 MP: 6/9
  3249 | D:4      | Reached skill level 5 in Conjurations
  3552 | D:4      | Found a white marble altar of Elyvilon.
  3552 | D:4      | Found an opulent altar of Gozag.
  3552 | D:4      | Found a shadowy altar of Dithmenos.
  3674 | D:4      | Found an ornate altar of the Wu Jian Council.
  3677 | D:4      | Found a stormy altar of Qazlal.
  3679 | D:4      | Found a snail-covered altar of Cheibriados.
  3692 | D:4      | Noticed a moth of wrath
  3695 | D:4      | Found a bloodstained altar of Trog.
  3695 | D:4      | Noticed Menkaure
  3964 | D:5      | Entered Level 5 of the Dungeon
  3964 | D:5      | Noticed an ice beast
  4051 | D:5      | Killed an ice beast
  4052 | D:5      | Reached XP level 6. HP: 26/32 MP: 4/10
  4241 | D:5      | Reached XP level 7. HP: 36/36 MP: 6/11
  4337 | D:5      | Learned a level 2 spell: Searing Ray
  4341 | D:5      | Learned a level 3 spell: Swiftness
  4592 | D:5      | Found a staircase to the Ecumenical Temple.
  4607 | D:5      | Found Jenim's Distillery.
  4629 | Temple   | Entered the Ecumenical Temple
  4690 | Temple   | Became a worshipper of Vehumet
  4908 | D:5      | Bought a potion of heal wounds for 65 gold pieces
  4908 | D:5      | Bought a potion of curing for 39 gold pieces
  4908 | D:5      | Bought a potion of resistance for 130 gold pieces
  5058 | D:5      | Found a runed translucent gate.
  5059 | D:5      | Found a runed translucent gate.
  5059 | D:5      | Found a runed translucent gate.
  5060 | D:5      | Noticed CorgiPerc's ghost (amateur DgFE)
  5060 | D:5      | Identified the +4 whip "Abinitt" {heavy, rElec Int+4}
  5484 | D:6      | Reached XP level 8. HP: 41/41 MP: 7/12
  6344 | D:7      | Found Ivoth's General Store.
  6438 | D:7      | Bought a scroll of fog for 48 gold pieces
  6715 | D:7      | Reached skill level 10 in Air Magic
  7001 | D:7      | Noticed Dowan
  7073 | D:8      | Noticed a hornet
  7333 | D:8      | Reached * piety under Vehumet
  7333 | D:8      | Offered knowledge of Freeze by Vehumet.
  7360 | D:8      | Reached skill level 10 in Conjurations
  7454 | D:8      | Identified the +5 morningstar of Ecenah {freeze, Will+}
  7502 | D:8      | Reached skill level 1 in Fighting
  7796 | D:9      | Noticed a two-headed ogre
  7876 | D:9      | Killed a two-headed ogre
  7877 | D:9      | Reached skill level 5 in Spellcasting
  7877 | D:9      | Reached XP level 9. HP: 29/49 MP: 8/17
  8004 | D:9      | Learned a level 4 spell: Airstrike
  8870 | D:4      | Killed Menkaure
  9891 | D:3      | Killed PenisDestroyer5000's ghost
 10471 | D:7      | Reached XP level 10. HP: 55/56 MP: 4/21
 10474 | D:7      | Offered knowledge of Momentum Strike by Vehumet.
 10477 | D:7      | Reached ** piety under Vehumet
 10638 | D:7      | Found Naugierph's Jewellery Emporium.
 10648 | D:7      | Learned a level 2 spell: Blink
 10851 | D:7      | Found Nuiteocw's Assorted Antiques.
 10856 | D:7      | Bought a metallic inky potion for 23 gold pieces
 10856 | D:7      | Bought a fuming inky potion for 23 gold pieces
 10977 | D:7      | Noticed Duvessa
 10979 | D:7      | Killed Duvessa
 10986 | D:7      | Killed Dowan
 11243 | D:8      | Reached skill level 1 in Translocations
 11264 | D:8      | Reached skill level 5 in Dodging
 11811 | D:9      | Found a sacrificial altar of Ru.
 11831 | D:9      | Noticed a two-headed ogre
 11851 | D:9      | Killed a two-headed ogre
 12422 | D:9      | Noticed Amaemon
 12422 | D:9      | Noticed an orange demon
 12435 | D:9      | Killed an orange demon
 12595 | D:9      | Paralysed by a hornet for 1 turns
 12597 | D:9      | Reached skill level 5 in Fighting
 12597 | D:9      | Reached skill level 5 in Stealth
 12749 | D:9      | Noticed a two-headed ogre
 12749 | D:9      | Noticed a deep elf pyromancer
 12766 | D:9      | Killed a two-headed ogre
 12777 | D:9      | Noticed a tengu warrior
 12948 | D:9      | Reached XP level 11. HP: 31/64 MP: 9/22
 13065 | D:9      | Killed a deep elf pyromancer
 13140 | D:9      | Killed a tengu warrior
 13432 | D:9      | Killed Amaemon
 13558 | D:9      | Noticed a two-headed ogre
 13611 | D:9      | Killed a two-headed ogre
 13764 | D:9      | Noticed a fire dragon
 13787 | D:10     | Entered Level 10 of the Dungeon
 14202 | D:10     | Found a staircase to the Orcish Mines.
 14958 | D:11     | Noticed a cyclops
 14960 | D:11     | Noticed a two-headed ogre
 15200 | D:11     | Killed a two-headed ogre
 15514 | D:11     | Noticed a cyclops
 15516 | D:11     | Killed a cyclops
 15680 | D:11     | Killed a cyclops
 15680 | D:11     | Offered knowledge of Mephitic Cloud by Vehumet.
 15689 | D:11     | Learned a level 3 spell: Mephitic Cloud
 16037 | D:11     | Noticed a two-headed ogre
 16046 | D:11     | Killed a two-headed ogre
 16047 | D:11     | Reached XP level 12. HP: 73/73 MP: 2/25
 16277 | D:11     | Found a staircase to the Lair.
 16659 | D:12     | Learned a level 5 spell: Irradiate
 16695 | Lair:1   | Entered Level 1 of the Lair of Beasts
 16703 | Lair:1   | Reached *** piety under Vehumet
 17171 | Lair:1   | Noticed Erica
 17174 | Lair:1   | Killed Erica
 17393 | Lair:1   | Noticed a catoblepas
 17394 | Lair:1   | Noticed Fannar
 17431 | Lair:1   | Killed a catoblepas
 17432 | Lair:1   | Reached skill level 10 in Dodging
 17880 | Lair:1   | Killed Fannar
 18160 | Lair:1   | Noticed a catoblepas
 18188 | Lair:1   | Killed a catoblepas
 18683 | Lair:2   | Found a hole to the Spider Nest.
 18811 | Lair:2   | Offered knowledge of Olgreb's Toxic Radiance by Vehumet.
 19130 | Lair:2   | Learned a level 5 spell: Freezing Cloud
 19347 | Lair:2   | Identified 2 scrolls of acquirement
 19352 | Lair:2   | Acquired a +0 pair of gloves of dexterity
 19365 | Lair:2   | Acquired 1035 gold pieces
 19387 | Lair:2   | Reached skill level 10 in Fighting
 19554 | Lair:2   | Reached skill level 1 in Ice Magic
 20456 | Lair:3   | Identified the +3 war axe "Oprocs" {vamp, *Noise Drain
                  | rPois rCorr}
 20563 | Lair:3   | Reached XP level 13. HP: 82/82 MP: 10/27
 20705 | Lair:3   | Reached skill level 10 in Spellcasting
 21208 | Lair:3   | Found a staircase to the Shoals.
 21578 | Lair:4   | Reached skill level 1 in Armour
 21636 | Lair:4   | Reached **** piety under Vehumet
 21859 | Lair:4   | Found a staircase to the Slime Pits.
 22066 | Lair:4   | Offered knowledge of Yara's Violent Unravelling by Vehumet.
 23188 | Lair:5   | Entered Level 5 of the Lair of Beasts
 23594 | Lair:5   | Reached skill level 5 in Armour
 25339 | Lair:5   | Reached ***** piety under Vehumet
 25423 | Lair:5   | Reached XP level 14. HP: 88/88 MP: 21/29
 25451 | Lair:5   | Offered knowledge of Eringya's Noxious Bog by Vehumet.
 26000 | Lair:5   | Identified the +0 scale mail of Chimes {Harm Dex+5}
 26048 | Lair:5   | Found a runed translucent door.
 26161 | Lair:5   | Noticed Sonja
 26192 | Lair:5   | Killed Sonja
 26193 | Lair:5   | Reached skill level 15 in Dodging
 27637 | Orc:1    | Entered Level 1 of the Orcish Mines
 28273 | Orc:2    | Entered Level 2 of the Orcish Mines
 28365 | Orc:2    | Noticed Jorgrun
 28394 | Orc:2    | Killed Jorgrun
 28643 | Orc:2    | Noticed Snorg
 28653 | Orc:2    | Killed Snorg
 29764 | Orc:2    | Found a staircase to the Elven Halls.
 30145 | Orc:2    | Found an iron altar of Okawaru.
 30165 | Orc:2    | Found a runed translucent door.
 30166 | Orc:2    | Found a shimmering altar of Xom.
 30166 | Orc:2    | Noticed Cheivey's ghost (journeyman FoFi)
 30555 | Orc:2    | Found Eblisoh's General Store.
 30560 | Orc:2    | Found Olotueb's Magic Scroll Boutique.
 30646 | Orc:2    | Bought a scroll of magic mapping for 97 gold pieces
 30648 | Orc:2    | Bought a scroll of amnesia for 72 gold pieces
 30657 | Orc:2    | Reached skill level 1 in Evocations
 33773 | Orc:2    | Paralysed by an orc sorcerer for 4 turns
 33780 | Orc:2    | Reached XP level 15. HP: 77/92 MP: 28/32
 33834 | Orc:2    | Found Bidoucsa's Jewellery Emporium.
 33834 | Orc:2    | Found Nuseajig's Antique Weapon Shoppe.
 33835 | Orc:2    | Found a one-way gate leading to the halls of Pandemonium.
 34193 | D:12     | Offered knowledge of Conjure Ball Lightning by Vehumet.
 34201 | D:12     | Learned a level 6 spell: Conjure Ball Lightning
 34263 | D:12     | You are sucked into a shaft and drop 1 floor!
 34615 | D:12     | Reached skill level 1 in Shields
 34658 | D:12     | Found a shimmering altar of Xom.
 35899 | D:14     | Found a portal to a secret trove of treasure.
 36528 | D:14     | Noticed Nessos
 36528 | D:14     | Noticed Urug
 36561 | D:14     | Killed Nessos
 36860 | D:14     | Found a gate to the Vaults.
 36991 | D:14     | Found a huge runed gate.
 36991 | D:14     | Found a huge runed gate.
 37000 | D:14     | Killed Urug
 37065 | D:14     | Found a huge runed gate.
 37065 | D:14     | Found a huge runed gate.
 37065 | D:14     | Found a huge runed gate.
 37065 | D:14     | Found a huge runed gate.
 37065 | D:14     | Found a huge runed gate.
 37065 | D:14     | Found a huge runed gate.
 37066 | D:14     | Found a huge runed gate.
 37067 | D:14     | Found a huge runed gate.
 37067 | D:14     | Found a huge runed gate.
 37068 | D:14     | Found a huge runed gate.
 37076 | D:14     | Found a huge runed gate.
 37076 | D:14     | Found a huge runed gate.
 37076 | D:14     | Found a huge runed gate.
 37076 | D:14     | Found a huge runed gate.
 37077 | D:14     | Found a huge runed gate.
 37078 | D:14     | Found a huge runed gate.
 37079 | D:14     | Found a huge runed gate.
 37087 | D:14     | Found a huge runed gate.
 37087 | D:14     | Found a huge runed gate.
 37087 | D:14     | Found a huge runed gate.
 37087 | D:14     | Found a huge runed gate.
 37087 | D:14     | Found a huge runed gate.
 37087 | D:14     | Found a huge runed gate.
 37090 | D:14     | Found a huge runed gate.
 37091 | D:14     | Found a huge runed gate.
 37092 | D:14     | Found a huge runed gate.
 37100 | D:14     | Found a huge runed gate.
 37100 | D:14     | Found a huge runed gate.
 37100 | D:14     | Found a huge runed gate.
 37100 | D:14     | Found a huge runed gate.
 37100 | D:14     | Found a huge runed gate.
 37101 | D:14     | Found a huge runed gate.
 37102 | D:14     | Found a huge runed gate.
 37103 | D:14     | Found a huge runed gate.
 37458 | D:15     | Entered Level 15 of the Dungeon
 37493 | D:15     | Identified the +0 helmet "Haukh" {rF+}
 38834 | D:15     | Found an ancient bone altar of Kikubaaqudgha.
 39272 | D:15     | Reached skill level 5 in Evocations
 40421 | D:15     | Found a staircase to the Depths.
 40627 | Shoals:1 | Entered Level 1 of the Shoals
 42396 | Shoals:2 | Reached XP level 16. HP: 100/100 MP: 27/34
 42823 | Shoals:2 | Identified the amulet "Regg" {Reflect Will+ Dex+3 SH+5}
 43181 | Shoals:2 | Reached skill level 5 in Shields
 43414 | Shoals:2 | Offered knowledge of Lightning Bolt by Vehumet.
 43427 | Shoals:2 | Learned a level 5 spell: Lightning Bolt
 45224 | Shoals:3 | Found Kaemuami's Antique Armour Emporium.
 45302 | Shoals:3 | Reached skill level 1 in Transmutations
 46343 | Shoals:4 | Entered Level 4 of the Shoals
 46358 | Shoals:4 | Noticed Ilsuiw
 46890 | Shoals:4 | Identified the ring of Weddiet {Ice rElec Int+3 Dex-2
                  | Slay+6}
 47219 | Shoals:4 | Killed Ilsuiw
 47219 | Shoals:4 | Offered knowledge of Arcjolt by Vehumet.
 47373 | Shoals:3 | Learned a level 5 spell: Arcjolt
 48606 | Shoals:4 | Reached XP level 17. HP: 106/106 MP: 30/35
 50172 | Shoals:4 | Got a barnacled rune of Zot
 50872 | D:7      | Bought the ring "Roryir" {rPois rN+ Int+4} for 435 gold
                  | pieces
 50886 | D:7      | Bought a glowing cloak for 195 gold pieces
 50886 | D:7      | Bought a scroll of fog for 104 gold pieces
 50987 | D:5      | Bought 2 potions of heal wounds for 130 gold pieces
 50987 | D:5      | Bought a potion of lignification for 39 gold pieces
 51227 | Spider:1 | Entered Level 1 of the Spider Nest
 51466 | Spider:1 | Noticed Frances
 51475 | Spider:1 | Gained mutation: You are weak. (Str -2) [a neqoxec]
 51580 | Spider:1 | Killed Frances
 52579 | Spider:2 | Noticed Roxanne
 52587 | Spider:2 | Noticed Arachne
 52589 | Spider:2 | Noticed Nikola
 52865 | Elf:1    | Entered Level 1 of the Elven Halls
 53970 | Elf:1    | Reached skill level 15 in Air Magic
 54629 | Elf:1    | HP: 5/108 [cloud of freezing vapour (24)]
 55013 | Elf:1    | Paralysed by an air elemental for 1 turns
 55070 | Elf:1    | Reached skill level 5 in Transmutations
 55346 | Elf:1    | Offered knowledge of Fireball by Vehumet.
 55629 | Elf:1    | Reached XP level 18. HP: 94/114 MP: 15/37
 56316 | Elf:1    | Noticed a Brimstone Fiend
 56730 | Elf:1    | Found a runed translucent gate.
 56730 | Elf:1    | Found a runed translucent gate.
 56730 | Elf:1    | Found a runed translucent gate.
 56730 | Elf:1    | Found a runed translucent gate.
 56730 | Elf:1    | Found a runed translucent gate.
 56733 | Elf:1    | Found a runed translucent gate.
 57342 | Elf:1    | Reached skill level 10 in Evocations
 58743 | Elf:2    | Found a runed translucent gate.
 58743 | Elf:2    | Found a runed translucent gate.
 58744 | Elf:2    | Found a runed translucent gate.
 59050 | Elf:3    | Entered Level 3 of the Elven Halls
 59191 | Elf:3    | Offered knowledge of Spellforged Servitor by Vehumet.
 59419 | Elf:3    | Noticed Louise
 59426 | Elf:3    | Killed Louise
 59631 | Elf:3    | Found Orhotav's Antique Weapon Boutique.
 59952 | Elf:3    | Noticed a deep elf blademaster
 59958 | Elf:3    | Killed a deep elf blademaster
 61007 | Elf:3    | Noticed a deep elf blademaster
 61013 | Elf:3    | Killed a deep elf blademaster
 61144 | Elf:3    | Noticed a deep elf master archer
 61150 | Elf:3    | Killed a deep elf master archer
 61151 | Elf:3    | Reached XP level 19. HP: 84/122 MP: 25/38
 61190 | Elf:3    | Identified the +3 quarterstaff of the Big Bang {venom,
                  | rN+++ Str+3 Dex-5}
 61256 | Elf:3    | Noticed a Brimstone Fiend
 61560 | Elf:3    | Identified the +8 bardiche "Din Xin" {heavy, rElec Stlth+}
 61580 | Elf:3    | Identified the +2 robe of Daxzued {rC+}
 61581 | Elf:3    | Noticed a Brimstone Fiend
 61976 | Elf:3    | Killed from afar by a deep elf sorcerer

Illustrated notes

Levels and vault maps discovered:
D:1:      pf_arrival_petrified_forest, layout_basic
D:2:      layout_basic
D:3:      layout_basic, fedhas_ov_isle_minmay, ebering_ghost_sewer_d,
          serial_shops, nicolae_shop_hallway_stairs
D:4:      layout_cave_pools, tgw_trog, minitemple,
          grunt_temple_overflow_diamond, uniq_menkaure
D:5:      layout_loops_ring, minmay_temple_entry_statues_pillars,
          biasface_ghost_orc_armoury, serial_shops, nicolae_shop_statue_plus,
          minmay_misc_feat_diagonals
D:6:      layout_loops_ring
D:7:      layout_layer_cave, serial_shops, nicolae_shop_hallway_plus,
          nicolae_diamond_shop, nicolae_shop_stone,
          amcnicky_mini_rare_corridor_liquid, chequers_serial_rivers_room_b,
          kennysheep_decorative_pillar, minmay_mini_ossuary, uniq_duvessa
D:8:      layout_basic, skrybe_limestone_x, corner_web_ring
D:9:      minmay_sliced_demisemicircle, layout_irregular_city,
          nicolae_overflow_crystal_walls, enter_bailey_2, uniq_amaemon
D:10:     layout_grid_maze, orc_0_dummy
D:11:     layout_rooms, david_lair_generic
D:12:     layout_rooms, tgw_xom
D:13:     layout_basic
D:14:     layout_gridville, david_vaults_3, nicolae_trove_entry_isolated,
          infiniplex_staircase_door_maze, door_vault
D:15:     gammafunk_enter_depths_forms, layout_loops_ring,
          serial_bayou_lagoon_a, nicolae_kikubaaqudgha_miasma_corner
Temple:   nicolae_temple_god_jail
Lair:1:   layout_long_grid, serial_bayou_pond_b, hibernation_bobbens,
          grunt_megastairs_1, uniq_fannar, uniq_erica
Lair:2:   layout_cave_pods, spider_nest_entry_web_field, grunt_megastairs_5
Lair:3:   layout_roguey, minmay_shoals_entry_hut, grunt_megastairs_3
Lair:4:   layout_gridlike, minmay_slime_entry_eyes
Lair:5:   wormcave, layout_loops_ring, lightli_volcano_entry_magma_tube,
          uniq_sonja
Shoals:1: layout_shoals
Shoals:2: layout_shoals
Shoals:3: layout_shoals, serial_shops, nicolae_shop_behind_doors
Shoals:4: shoals_end_hangedman, layout_shoals, shoal_ilsuiw,
          nicolae_shoals_square_sea_wall
Spider:1: layout_spider_delve, hangedman_spider_tarantella_strand, uniq_frances
Spider:2: layout_spider_delve, spiders_nest_hornet_nest, uniq_roxanne,
          uniq_azrael, uniq_nikola, uniq_donald, uniq_arachne
Orc:1:    layout_caves, serial_shops
Orc:2:    pf_orc_diabolical, layout_caves, ebering_ghost_xom, basic_altar,
          okawaru_metal_pillars_1_2, uniq_jorgrun, uniq_snorg
Elf:1:    layout_geoelf_octagon, serial_corexii_hall,
          chequers_hall_statues_corner_a, corexii_hall_statues_l, orc_legates
Elf:2:    nicolae_elf_blades_splatter_lattice [infiniplex_blade_entry_pillars],
          layout_geoelf_diagonals
Elf:3:    minmay_elf_hall_hex, layout_loops_cross, serial_shops,
          nicolae_shop_window_shopping, uniq_louise

Skill      XL: |  1  2  3  4  5  6  7  8  9 10 11 12 13 14 15 16 17 18 |
---------------+-------------------------------------------------------+-----
Conjurations   | 2 3 4 5 6 8 10 11 12 14 | 14.9
Air Magic      | 5 7 9 10 12 13 15 | 15.0
Fighting       | 2 3 5 8 10 11 12 13 14 | 14.6
Dodging        | 3 4 6 9 10 14 15 | 15.0
Spellcasting   | 5 7 8 9 10 12 13 14 | 14.8
Stealth        | 3 5 7 9 |  9.0
Translocations | 3 |  3.0
Ice Magic      | 2 4 |  4.0
Armour         | 5 |  5.0
Evocations     | 3 5 7 9 10 | 10.0
Shields        | 4 5 8 |  8.8
Transmutations | 2 5 |  5.0

Action                   |  1- 3 |  4- 6 |  7- 9 | 10-12 | 13-15 | 16-18 | 19-21 || total
-------------------------+-------+-------+-------+-------+-------+-------+-------++-------
Melee: Dagger            |    13 |     8 |       |       |       |       |       ||    21
       Unarmed           |     5 |       |       |       |       |       |       ||     5
       Kick              |     3 |     5 |     4 |    16 |    30 |    22 |       ||    80
       Peck              |     2 |       |     2 |    12 |    18 |    19 |       ||    53
       Staff             |       |     4 |    21 |    26 |    32 |    36 |       ||   119
       Short sword       |       |       |       |    13 |    11 |       |       ||    24
       Morningstar       |       |       |       |     2 |       |       |       ||     2
       Punch             |       |       |       |       |     1 |       |       ||     1
       Demon whip        |       |       |       |       |    18 |    24 |       ||    42
 Cast: Shock             |    54 |    97 |   210 |    47 |    50 |       |       ||   458
       Airstrike         |       |       |    50 |   236 |   695 |   649 |    18 ||  1648
       Swiftness         |       |       |     1 |       |     1 |       |       ||     2
       Static Discharge  |       |       |       |    15 |    70 |       |       ||    85
       Mephitic Cloud    |       |       |       |     1 |       |     4 |       ||     5
       Blink             |       |       |       |       |     1 |     1 |       ||     2
       Conjure Ball Ligh |       |       |       |       |    27 |    40 |    12 ||    79
       Freezing Cloud    |       |       |       |       |     4 |    14 |       ||    18
       Lightning Bolt    |       |       |       |       |       |    65 |     7 ||    72
       Arcjolt           |       |       |       |       |       |    26 |       ||    26
       Irradiate         |       |       |       |       |       |     1 |       ||     1
Evoke: Wand              |       |       |     3 |       |    12 |     8 |       ||    23
       Tin of tremorston |       |       |       |       |       |     5 |       ||     5
  Use: Scroll            |       |       |     5 |    10 |     6 |    16 |     1 ||    38
       Potion            |       |       |       |     2 |       |     5 |       ||     7
 Stab: Sleeping          |     3 |       |       |       |       |       |       ||     3
Armor: Robe              |    15 |     6 |    32 |     4 |       |       |       ||    57
       Troll leather arm |       |       |       |    27 |       |       |       ||    27
       Leather armour    |       |       |       |       |    80 |    34 |       ||   114
Dodge: Dodged            |    19 |    16 |    54 |    87 |   395 |   249 |     4 ||   824
Block: Buckler           |       |       |       |       |    20 |   123 |     4 ||   147
       Reflection        |       |       |       |       |       |    23 |       ||    23

Table legend: (Time is in decaauts)
 A = Elapsed time spent in this place.
 B = Non-inter-level travel time spent in this place.
 C = Inter-level travel time spent in this place.
 D = Time resting spent in this place.
 E = Time spent auto-exploring this place.
 F = Levels seen in this place.
 G = Mean time per level.
                   A        B        C        D        E       F      G
               +--------+--------+--------+--------+--------+-----+--------+
         Total |  59772 |  56639 |   3133 |  22658 |  26242 |  32 | 1867.9 |
       Dungeon |  23198 |  21484 |   1714 |   7227 |  11402 |  15 | 1546.5 |
        Temple |     72 |     32 |     40 |      0 |     21 |   1 |   72.0 |
          Lair |  10848 |  10085 |    763 |   4437 |   4327 |   5 | 2169.6 |
        Shoals |   9751 |   9459 |    292 |   4015 |   4233 |   4 | 2437.8 |
   Spider Nest |   1070 |    994 |     76 |    357 |    503 |   2 |  535.0 |
  Orcish Mines |   6114 |   5997 |    117 |   2614 |   2432 |   2 | 3057.0 |
   Elven Halls |   8717 |   8589 |    128 |   4006 |   3320 |   3 | 2905.7 |
               +--------+--------+--------+--------+--------+-----+--------+

Top non-repeatable levels by time:
   Orc:2: 5377 daAuts
   Elf:1: 4630 daAuts
Shoals:3: 2968 daAuts
  Lair:5: 2676 daAuts
   Elf:3: 2613 daAuts
Shoals:4: 2426 daAuts
     D:9: 2377 daAuts
    D:14: 2323 daAuts
  Lair:2: 2252 daAuts
    D:10: 2222 daAuts
Shoals:2: 2216 daAuts
    D:15: 2210 daAuts
  Lair:4: 2162 daAuts
Shoals:1: 2140 daAuts
  Lair:3: 1996 daAuts
